 Dungeon Crawl Stone Soup version 0.22-a0-322-g60b3cfd (webtiles) character file.

90 xccam the Chopper (level 4, -10/35 HPs)
             Began as a Formicid Fighter on Apr 2, 2018.
             Mangled by xccam's ghost (14 damage)
             ... on level 3 of the Dungeon.
             The game lasted 00:02:17 (1867 turns).

xccam the Chopper (Formicid Fighter)                Turns: 1867, Time: 00:02:18

Health: -10/35     AC:  6    Str: 27    XL:     4   Next: 85%
Magic:  4/4        EV:  8    Int:  7    God:
Gold:   96         SH: 10    Dex: 10    Spells: 3/3 levels left

rFire    . . .     SeeInvis +   a - +0 war axe
rCold    . . .     Gourm    .   c - +0 shield
rNeg     . . .     Faith    .   b - +0 scale mail
rPois    .         Spirit   .   (helmet unavailable)
rElec    .         Reflect  .   (no cloak)
rCorr    .         Harm     .   (no gloves)
MR       .....                  (no boots)
Stlth    ..........             (no amulet)
HPRegen  0.11/turn              (no ring)
MPRegen  0.09/turn              (no ring)

@: mighty
A: permanent stasis, dig shafts and tunnels, four strong arms, antennae 3
a: Dig, Shaft Self


You were on level 3 of the Dungeon.
You were not hungry.

You visited 1 branch of the dungeon, and saw 3 of its levels.

You collected 96 gold pieces.

Inventory:

Hand Weapons
 a - a +0 war axe (weapon)
Armour
 b - a +0 scale mail (worn)
 c - a +0 shield (worn)
 l - a +0 plate armour
Jewellery
 k - an uncursed ring of fire
Scrolls
 h - 2 scrolls of immolation {unknown}
 i - 2 scrolls of identify {unknown}
 m - 2 scrolls of amnesia {unknown}
 q - a scroll of fear {unknown}
 r - a scroll of teleportation {unknown}
 s - a scroll of enchant weapon {unknown}
Potions
 e - 2 potions of heal wounds {unknown}
 g - a potion of agility {unknown}
 j - a potion of curing {unknown}
 n - 2 potions of degeneration {unknown}
 o - a potion of berserk rage {unknown}
Comestibles
 f - a ration
 p - 2 chunks of flesh


   Skills:
 - Level 3.2 Fighting
 + Level 4.6 Axes
 - Level 3.2 Armour
 - Level 3.6 Shields


You had 3 spell levels left.
You didn't know any spells.

Dungeon Overview and Level Annotations

Branches:
Dungeon (3/15)

Altars:
Elyvilon
Nemelex Xobeh
Trog
Zin

Portals:
Sewer: D:3

Annotations:
D:3 xccam's ghost, amateur FoFi


Innate Abilities, Weirdness & Mutations

You cannot be hasted, slowed, berserked, paralysed or teleported.
You can dig through walls and to a lower floor.
Your four strong arms can wield two-handed weapons with a shield.
You have a pair of large antennae on your head. (SInv)


Message History

Xccam's ghost hits you. The bat hits you but does no damage.
You feel very mighty all of a sudden. You block the bat's attack.
Xccam's ghost hits you!
* * * LOW HITPOINT WARNING * * *
A rat comes into view.
Your shield and scale mail prevent you from hitting xccam's ghost.
Xccam's ghost is moderately damaged.
You block the bat's attack.
Xccam's ghost hits you but does no damage.
You slash xccam's ghost!
Xccam's ghost is heavily damaged.
You slash the bat!
You kill the bat!
Xccam's ghost hits you.
* * * LOW HITPOINT WARNING * * *
You barely miss xccam's ghost.
Xccam's ghost is heavily damaged.
Xccam's ghost hits you but does no damage.
Xccam's ghost hits you!
You die...

#.####### #.# .##### #.#
......###### #.#
..........####.########
#≈≈≈≈≈##≈..÷.)........
.##≈≈≈≈≈##..###.########
.≈≈.....≈≈..# #.#
.≈≈..≈W@≈≈..# #.#
.≈≈r.∩......# #.#
.≈≈.....≈≈.## #.#
.≈≈.....≈≈.# #.#
.##≈≈.≈≈##.# .#
#≈≈.≈≈##.. {
............ {{
####.........


You could see xccam's ghost and a rat.

Vanquished Creatures
  2 adders (D:2)
  An ooze (D:1)
  2 worms (D:2)
  2 dart slugs
  3 leopard geckos
  An orc (D:2)
  A ball python (D:3)
  A giant cockroach (D:1)
  7 goblins
  7 hobgoblins
  2 quokkas (D:2)
  6 bats
  4 frilled lizards
  8 kobolds
  7 rats
54 creatures vanquished.

Notes
Turn   | Place    | Note
-------+----------+-------------------------------------------
     0 | D:1      | xccam the Formicid Fighter began the quest for the Orb.
     0 | D:1      | Reached XP level 1. HP: 18/18 MP: 1/1
   108 | D:1      | Reached XP level 2. HP: 13/24 MP: 2/2
   352 | D:1      | Reached skill level 3 in Axes
   401 | D:1      | Reached XP level 3. HP: 29/29 MP: 3/3
  1274 | D:2      | Reached skill level 4 in Axes
  1274 | D:2      | Reached XP level 4. HP: 33/35 MP: 4/4
  1337 | D:2      | Found a glowing silver altar of Zin.
  1338 | D:2      | Found a white marble altar of Elyvilon.
  1338 | D:2      | Found a bloodstained altar of Trog.
  1339 | D:2      | Found a sparkling altar of Nemelex Xobeh.
  1850 | D:3      | Found a glowing drain.
  1859 | D:3      | Noticed xccam's ghost (amateur FoFi)
  1867 | D:3      | Mangled by xccam's ghost

Vault maps used:
D:1:      dpeg_arrival_water_temple_mockup, minivault_27
D:2:      chequers_temple_overflow_statue_of_worship, minmay_misc_feat_chi,
          hangedman_abyss_or_decor_lesser_grid
D:3:      cheibrodos_sewer_entry_sluice

Skill      XL: |  1  2  3 |
---------------+----------+-----
Axes           | 3 4 |  4.6
Fighting       | |  3.2
Armour         | |  3.2
Shields        | |  3.6

Action                   |  1- 3 |  4- 6 || total
-------------------------+-------+-------++-------
Melee: War axe           |   105 |    73 ||   178
  Use: Potion            |       |     1 ||     1
  Eat: Chunk             |     1 |     2 ||     3
Armor: Scale mail        |    34 |    37 ||    71
Dodge: Dodged            |    25 |    30 ||    55
Block: Shield            |    44 |    41 ||    85

Table legend:
 A = Spawn XP
 B = Non-spawn XP
 C = Spawn XP percentage of total XP
 D = Spawn monster count
 E = Non-spawn monster count
 F = Spawn count percentage of total count
 G = Total turns spent on level
                    A         B        C        D         E        F      G
               +---------+---------+-------+---------+---------+-------+---------
         Total |       0 |     129 |   0.0 |       0 |      54 |   0.0 |  1867
               +---------+---------+-------+---------+---------+-------+---------
           D:1 |       0 |      48 |   0.0 |       0 |      26 |   0.0 |   939
           D:2 |       0 |      75 |   0.0 |       0 |      24 |   0.0 |   828
           D:3 |       0 |       6 |   0.0 |       0 |       4 |   0.0 |   100
               +---------+---------+-------+---------+---------+-------+---------
